Map: [ESL] Hard Lead

Players

Cham

  • Race: Zerg Zerg
  • League: Master
  • Spawn Location: 5:00

gumiho - Winner!

  • Race: Terran Terran
  • Spawn Location: 11:00

Event: IEM Katowice 2024

VOD

Have the link to the VOD?

Description

Time

  • Played on: Dec. 10, 2023, 6:17 p.m.
  • Length: 10:55

All games in this series

Show
View Real Time Build Order
Export as new Build Order

Cham Zerg 

Build Orders: Hatch First 

Get SALT Encoding   

  12  0:00  Drone  
  13  0:13  Overlord  
  13  0:18  Drone  
  14  0:31  Drone x2  
  16  0:49  Hatchery  
  15  0:51  Drone  
  15  0:55  Drone  
  17  0:58  Drone  
  18  1:11  Spawning Pool  
  18  1:15  Extractor  
  18  1:16  Drone  
  17  1:20  Drone  
  18  1:28  Drone  
  20  1:40  Drone  
  20  1:52  Drone  
  21  2:00  Queen x2  
  25  2:02  Drone  
  25  2:03  Drone  
  27  2:13  Drone  
  27  2:14  Overlord  
  28  2:24  Metabolic Boost  
  28  2:32  Drone x2  
  28  2:33  Drone  
  28  2:34  Drone  
  28  2:35  Queen  
  28  2:37  Queen  
  34  2:44  Overlord  
  36  2:47  Overlord  
  36  3:06  Drone  
  36  3:07  Drone x3  
  36  3:11  Drone x4  
  44  3:13  Lair  
  44  3:19  Roach Warren  
  43  3:20  Overlord  
  43  3:23  Overlord  
  43  3:28  Zergling x2  
  44  3:42  Zergling x2  
  44  3:43  Zergling x8  
  44  3:45  Drone x2  
  44  3:46  Drone  
  44  3:47  Drone x3  
  51  3:51  Queen  
  51  3:57  Drone, Extractor  
  51  3:59  Extractor  
  50  4:07  Roach x2  
  53  4:14  Roach  
  53  4:16  Roach  
  53  4:24  Roach  
  53  4:31  Drone x4  
  48  4:35  Drone  
  48  4:36  Glial Reconstitution  
  49  4:40  Overseer  
  51  4:47  Drone  
  51  4:48  Hatchery  
  51  4:52  Drone x2  
  51  4:58  Drone  
  52  5:02  Overlord  
  52  5:06  Overlord  
  52  5:13  Overlord x2  
  52  5:24  Queen x2  
  52  5:31  Drone  
  52  5:32  Drone x6  
  55  5:37  Drone x2  
  55  5:41  Roach x2  
  61  5:51  Overlord x2  
  61  5:54  Overlord  
  61  5:59  Overlord  
  61  6:06  Overlord  
  61  6:07  Overlord x2  
  61  6:12  Overlord  
  61  6:13  Overlord  
  61  6:15  Drone x2  
  63  6:20  Roach x2  
  63  6:22  Drone  
  63  6:24  Drone  
  69  6:29  Queen  
  71  6:35  Roach x4  
  79  6:44  Roach x2  
  79  6:45  Roach  
  81  6:50  Drone x4  
  81  6:51  Queen  
  81  6:53  Drone  
  89  6:54  Drone  
  89  6:56  Ravager  
  89  6:57  Ravager  
  89  6:58  Drone x2, Ravager  
  89  6:59  Drone  
  95  7:03  Overlord  
  95  7:04  Drone  
  95  7:06  Drone  
  97  7:11  Drone  
  97  7:14  Drone  
  99  7:18  Overlord  
  99  7:21  Queen  
  99  7:22  Drone  
  102  7:24  Drone x2, Hatchery  
  102  7:25  Drone  
  104  7:30  Extractor  
  104  7:31  Drone  
  104  7:32  Drone x2, Ravager  
  104  7:36  Drone  
  108  7:39  Extractor x2  
  108  7:40  Infestation Pit, Drone x3  
  108  7:42  Roach  
  110  7:47  Drone  
  110  7:49  Evolution Chamber  
  110  7:50  Drone x2, Overlord, Evolution Chamber  
  111  7:52  Roach  
  113  7:59  Drone x4  
  113  8:01  Overlord  
  113  8:03  Roach  
  119  8:06  Roach  
  119  8:10  Roach  
  123  8:14  Overlord  
  123  8:18  Drone x2, Overlord  
  125  8:22  Drone  
  125  8:23  Drone  
  125  8:25  Overlord  
  125  8:26  Drone x2  
  129  8:27  Ravager  
  129  8:29  Roach x2  
  129  8:30  Roach x2  
  129  8:31  Roach  
  140  8:37  Roach  
  144  8:46  Roach x2  
  128  8:51  Roach x2  
  128  8:52  Roach x2  
  128  8:53  Roach x2  
  128  8:54  Hatchery  
  136  9:00  Roach x4  
  136  9:02  Roach  
  138  9:06  Roach x2  
  138  9:09  Roach x2  
  140  9:15  Drone x2  
  142  9:18  Drone  
  142  9:20  Evolution Chamber  
  142  9:21  Evolution Chamber  
  141  9:24  Burrow  
  141  9:25  Infestor x4  
  141  9:27  Roach  
  141  9:28  Roach  
  153  9:33  Tunneling Claws  
  153  9:39  Overlord x3  
  153  9:40  Overlord  
  153  9:49  Ravager  
  154  9:56  Roach  
  154  9:57  Roach  
  145  10:03  Roach  
  145  10:05  Roach x2  
  145  10:06  Roach  
  112  10:07  Roach  
  112  10:10  Roach x4  
  112  10:12  Roach x2  
  109  10:14  Roach  
  109  10:17  Roach  
  109  10:19  Roach  
  112  10:23  Roach  
  112  10:27  Roach  
  110  10:30  Ravager  
  110  10:31  Roach  
  110  10:32  Roach  
  110  10:33  Roach  
Show
View Real Time Build Order
Export as new Build Order

gumiho Terran - Winner!

Build Orders: Hellion Opening 

Get SALT Encoding   

  12  0:00  SCV  
  13  0:12  SCV  
  14  0:17  Supply Depot  
  14  0:24  SCV  
  15  0:39  SCV  
  15  0:40  Barracks  
  16  0:44  Refinery  
  16  0:51  SCV  
  17  1:03  SCV  
  18  1:15  SCV  
  19  1:27  Orbital Command  
  19  1:28  Barracks Reactor  
  19  1:37  Command Center  
  19  1:45  Supply Depot  
  19  1:53  SCV  
  20  2:05  Marine x2, SCV  
  23  2:10  Factory  
  23  2:17  SCV  
  24  2:23  Marine x2  
  24  2:29  SCV  
  27  2:41  SCV, Marine x2  
  30  2:47  Refinery  
  30  2:52  Orbital Command  
  30  2:53  SCV  
  30  2:56  Starport  
  31  3:05  SCV  
  31  3:07  Hellion x2  
  31  3:10  Supply Depot  
  36  3:15  Barracks Tech Lab  
  36  3:17  SCV  
  36  3:18  SCV  
  38  3:28  Hellion  
  38  3:29  Hellion  
  38  3:30  SCV  
  38  3:31  SCV  
  43  3:42  SCV  
  43  3:43  SCV  
  43  3:45  Viking  
  45  3:53  Hellion x2  
  45  3:54  SCV  
  45  3:55  SCV  
  50  3:58  Supply Depot  
  50  3:59  Stimpack, Marine  
  51  4:06  SCV  
  51  4:07  SCV  
  53  4:18  Cyclone  
  53  4:20  Cyclone, Medivac  
  55  4:26  SCV x2  
  55  4:35  Bunker  
  55  4:38  Command Center, SCV x2  
  53  4:42  Marine  
  54  4:48  Supply Depot  
  54  4:50  Supply Depot  
  54  4:51  Cyclone  
  54  4:52  Cyclone  
  58  4:54  Starport Reactor  
  58  4:59  SCV  
  60  5:00  Marine, SCV  
  61  5:11  SCV  
  61  5:12  SCV  
  61  5:13  Refinery  
  61  5:14  Barracks x2  
  63  5:17  Supply Depot  
  63  5:18  Marine  
  63  5:19  Supply Depot  
  64  5:27  Cyclone x2  
  68  5:29  SCV  
  69  5:37  SCV  
  69  5:40  Marine  
  69  5:41  SCV  
  72  5:45  Barracks  
  72  5:47  Barracks  
  72  5:53  Orbital Command, SCV x2  
  72  5:56  Engineering Bay  
  74  5:58  Refinery  
  74  5:59  Engineering Bay  
  74  6:05  Combat Shield  
  74  6:09  SCV x2  
  76  6:13  Marine  
  76  6:17  Factory Tech Lab  
  77  6:20  Starport Reactor  
  77  6:22  SCV  
  77  6:23  SCV  
  77  6:24  Orbital Command  
  77  6:25  Terran Infantry Weapons Level 1, Terran Infantry Armor Level 1  
  79  6:27  Marine x3  
  79  6:28  Marine  
  79  6:31  Marine  
  84  6:35  Supply Depot, SCV x2  
  84  6:45  Marine  
  77  6:47  Marine x2  
  77  6:48  Marine  
  77  6:50  Barracks Tech Lab x2, SCV  
  77  6:51  SCV  
  81  6:54  SCV  
  81  7:00  Siege Tank  
  87  7:01  Supply Depot  
  87  7:03  SCV x2  
  87  7:06  Marine x3, Supply Depot, SCV  
  87  7:07  Supply Depot  
  93  7:13  Marauder x3, Concussive Shells  
  93  7:15  SCV x2  
  97  7:17  Armory  
  97  7:20  SCV  
  98  7:26  Refinery  
  98  7:27  SCV x2, Marine x3, Missile Turret  
  103  7:30  Medivac  
  103  7:34  Siege Tank  
  103  7:36  Marauder  
  112  7:37  Marauder  
  112  7:39  SCV x2  
  112  7:40  SCV  
  115  7:44  Factory  
  115  7:50  Command Center  
  115  7:53  Marauder  
  115  7:54  Marine  
  115  7:55  Marine x2  
  115  7:56  Marine  
  115  7:57  Marauder  
  115  7:58  Marine  
  124  8:04  Medivac x2  
  128  8:13  Siege Tank  
  128  8:14  Marauder  
  128  8:16  Marauder  
  128  8:19  Marine x4, Marauder  
  141  8:29  Barracks  
  141  8:30  Barracks, Terran Infantry Weapons Level 2  
  141  8:31  Barracks  
  141  8:40  Marine  
  141  8:42  Marine  
  141  8:47  Supply Depot x2  
  141  8:48  Marauder  
  141  8:50  Factory Tech Lab, Supply Depot  
  141  8:55  Supply Depot  
  141  8:58  Marine  
  141  9:02  Siege Tank, Marauder, Marine x4  
  145  9:03  Medivac x2  
  145  9:05  SCV x3  
  139  9:17  SCV x2  
  139  9:18  SCV  
  142  9:26  Refinery  
  142  9:29  Marine x3  
  142  9:30  Barracks Reactor, Marine  
  146  9:31  Barracks Tech Lab x2  
  146  9:33  Command Center  
  146  9:34  Planetary Fortress  
  146  9:42  Marauder, Marine, Refinery  
  146  9:43  Marauder, Refinery  
  151  9:46  Marine  
  151  9:47  Marine  
  151  9:52  Marauder x2, Marine x2  
  149  10:01  Marauder  
  149  10:03  Marine x2  
  149  10:04  Marine x2  
  138  10:08  Siege Tank  
  138  10:10  Medivac, Marine x2  
  138  10:14  Marauder x2  
  144  10:22  Command Center, Medivac, Marauder x3  
  144  10:23  Marine  
  144  10:26  SCV x2  
  144  10:27  SCV  
  153  10:31  Marine x2  
  150  10:35  Marine x2  
  150  10:38  SCV  

Tags
 
Add a new tag
Caveats
  • Supply blocks, unpowered buildings, or Contaminate may cause inaccurate times.
  • Supply counts are checked every 10 seconds.